 Dungeon Crawl Stone Soup version 0.29-a0-824-gd827844252 (webtiles) character file.

Game seed: 7014378019991653725

1696 kevlar127 the Grappler (level 8, 0/84 HPs)
             Began as a Troll Berserker on July 9, 2022.
             Was an Elder of Trog.
             Slain by a killer bee (4 damage)
             ... on level 7 of the Dungeon on July 10, 2022.
             The game lasted 00:13:09 (4853 turns).

kevlar127 the Grappler (Troll Berserker)            Turns: 4853, Time: 00:13:10

Health: 0/84       AC:  6    Str: 28    XL:     8   Next: 72%
Magic:  7/7        EV: 10    Int:  3    God:    Trog [****..]
Gold:   309        SH:  0    Dex:  9    Spells: 7/7 levels left

rFire   . . .      SeeInvis .     - Unarmed
rCold   . . .      Faith    .   (no shield)
rNeg    . . .      Spirit   .   a - +0 animal skin
rPois   .          Reflect  .   (helmet restricted)
rElec   .          Harm     .   x - +1 cloak
rCorr   .          Rampage  .   (gloves unavailable)
Will    ++...                   (boots unavailable)
Stlth   +.........              (no amulet)
HPRegen 1.04/turn               k - ring of willpower
MPRegen 0.10/turn               m - ring of willpower

@: lethally poisoned (0 -> -18)
A: large, unfitting armour, claws 3, regeneration 1, shaggy fur 1, tough skin 1
a: Renounce Religion, Berserk, Trog's Hand, Brothers in Arms


You were on level 7 of the Dungeon.
You worshipped Trog.
Trog was greatly pleased with you.
You visited 1 branch of the dungeon, and saw 7 of its levels.
You also visited: Ossuary.

You collected 348 gold pieces.
You spent 39 gold pieces at shops.

Inventory:

Hand Weapons
 E - the +14 obsidian axe {vorpal, Mesm Drain Fly SInv}
   (You found it on level 6 of the Dungeon)

   It inflicts extra damage upon your enemies.
   It occasionally summons demons to assist the wielder when it strikes in
   combat.
   Its wielder is mesmerised by any visible foes.
   It cannot be unequipped while any foes are visible.
   SInv:      It lets you see invisible.
   Fly:       It grants you flight.
   Drain:     It drains your maximum health when unequipped.
Missiles
 s - 6 boomerangs (quivered)
 t - 62 stones
 D - 2 throwing nets
Armour
 a - a +0 animal skin (worn)
 x - a +1 cloak (worn)
Jewellery
 k - a ring of willpower (left claw)
 m - a ring of willpower (right claw)
 o - a +4 ring of protection
 u - a +6 ring of dexterity
 y - a ring of willpower
Wands
 n - a wand of acid (8)
 I - a wand of polymorph (8)
Scrolls
 b - 13 scrolls of identify {unknown}
 d - 3 scrolls of noise
 e - 2 scrolls of fog
 f - 3 scrolls of teleportation {unknown}
 i - 2 scrolls of amnesia {unknown}
 l - 3 scrolls of vulnerability {unknown}
 r - a scroll of immolation {unknown}
 z - a scroll of fear {unknown}
 B - a scroll of silence {unknown}
 H - a scroll of poison {unknown}
Potions
 c - 4 potions of invisibility {unknown}
 g - 5 potions of mutation {unknown}
 h - 5 potions of heal wounds {unknown}
 j - 3 potions of curing {unknown}
 p - a potion of brilliance {unknown}
 q - a potion of magic {unknown}
 v - a potion of resistance {unknown}
 w - a potion of might {unknown}
 A - a potion of berserk rage {unknown}
 C - 3 potions of flight {unknown}
 F - a potion of degeneration {unknown}
 G - a potion of haste {unknown}


   Skills:
 + Level 6.9 Fighting
 + Level 1.0 Armour
 - Level 3.0 Dodging
 + Level 8.3 Unarmed Combat


You had 7 spell levels left.
You didn't know any spells.
Your spell library was empty.

Dungeon Overview and Level Annotations

Branches:
Dungeon (7/15)            Ossuary (visited)
 Temple: D:4-7

Altars:
Fedhas
Kikubaaqudgha
Sif Muna
Uskayaw
Wu Jian
The Shining One

Shops:
D:1 *


Innate Abilities, Weirdness & Mutations

You are too large for most types of armour.
You have claws for hands.
Your natural rate of healing is unusually fast.
You are covered in fur. (AC +1)
You have tough skin. (AC +1)


Message History

You hear an angry buzzing noise.
The killer bee stings you. The killer bee misses you.
The killer bee closely misses you.
An ogre comes into view. It is wielding a +0 giant club.
The ogre shouts!
You closely miss the killer bee.
You feel sick. The killer bee stings you. x2
You are more poisoned.
The killer bee poisons you! The killer bee stings you!
You are more poisoned.
The killer bee poisons you!
A killer bee comes into view.
The killer bee stings you. x3
You miss the killer bee.
You feel very sick. The killer bee stings you. The killer bee stings you!
You are more poisoned.
The killer bee poisons you! The killer bee stings you.
You are more poisoned.
The killer bee poisons you! The killer bee closely misses you.
The killer bee stings you. The killer bee closely misses you.
A shadow imp comes into view.
A wight comes into view. It is wielding a +0 morningstar.
You miss the killer bee.
You feel very sick.
The shadow imp shouts, "Slither hence, thou frothy ruttish slime mould!"
You hear an angry buzzing noise.
The killer bee stings you but does no damage.
The killer bee stings you.
* * * LOW HITPOINT WARNING * * *
The killer bee stings you.
* * * LOW HITPOINT WARNING * * *
You are more poisoned.
The killer bee poisons you!
You miss the killer bee.
* * * LOW HITPOINT WARNING * * *
You feel extremely sick. The killer bee stings you.
* * * LOW HITPOINT WARNING * * *
The killer bee stings you.
You die...

..#.# .†..######
.#.......# ######
###.####.... ..... # ##.#
# #...#.# ###.##
##.O.z..#
.#..#############y.5.....
..#.............yy#
################@## #y##
##


You could see an ogre, 4 killer bees, a wight and a shadow imp.

Vanquished Creatures
  A hornet (D:6)
  A water moccasin (D:5)
  3 ice beasts
  3 centaurs
  3 scorpions
  2 bullfrogs
  A howler monkey (D:6)
  2 hounds (D:5)
  A jelly (D:5)
  A gnoll bouda (D:5)
  An iguana (D:5)
  An orc wizard (D:5)
  2 mummies (Ossuary)
  Robin (D:3)
  8 gnolls
  13 adders
  A shadow imp (D:6)
  A white imp (D:6)
  3 adder zombies (Ossuary)
  A worm (D:2)
  2 dart slugs
  5 orcs
  7 ball pythons
  3 bats
  5 endoplasms
  3 giant cockroaches
  4 gnoll zombies (Ossuary)
  13 hobgoblins
  6 jackals
  9 kobolds
  2 quokkas
  4 frilled lizards
  9 goblins
  6 hobgoblin zombies (Ossuary)
  3 kobold zombies (Ossuary)
  5 orc zombies (Ossuary)
  6 rats
142 creatures vanquished.

Notes
Turn   | Place    | Note
-------+----------+-------------------------------------------
     0 | D:1      | kevlar127 the Troll Berserker began the quest for the Orb.
     0 | D:1      | Reached XP level 1. HP: 22/22 MP: 0/0
    74 | D:1      | Found Jum Ixen's General Store.
    82 | D:1      | Bought a scroll of noise for 13 gold pieces
    82 | D:1      | Bought a scroll of fog for 26 gold pieces
   174 | D:1      | Reached XP level 2. HP: 29/29 MP: 1/1
   283 | D:1      | You fall into a shaft and drop 1 floor!
   405 | D:2      | Reached XP level 3. HP: 34/37 MP: 2/2
   521 | D:2      | Reached ** piety under Trog
   653 | D:2      | Reached skill level 4 in Unarmed Combat
  1049 | D:1      | Reached XP level 4. HP: 43/45 MP: 3/3
  1403 | D:3      | Noticed a scorpion
  1410 | D:3      | Killed a scorpion
  1429 | D:3      | Reached XP level 5. HP: 47/54 MP: 4/4
  1517 | D:3      | Noticed a centaur
  1519 | D:3      | Killed a centaur
  1520 | D:3      | Reached skill level 5 in Unarmed Combat
  1873 | D:3      | Reached XP level 6. HP: 60/62 MP: 5/5
  1934 | D:3      | Noticed Robin
  1943 | D:3      | Killed Robin
  2848 | D:4      | Found a large runed translucent door.
  2849 | D:4      | Found a large runed translucent door.
  2997 | D:4      | Found a hide-covered altar of Uskayaw.
  3013 | D:4      | Found an ornate altar of the Wu Jian Council.
  3146 | D:5      | Entered Level 5 of the Dungeon
  3256 | D:5      | Reached *** piety under Trog
  3301 | D:5      | Noticed an ice beast
  3307 | D:5      | Killed an ice beast
  3317 | D:5      | Found a sand-covered staircase.
  3322 | Ossuary  | Entered an ossuary
  3346 | Ossuary  | Reached XP level 7. HP: 71/71 MP: 6/6
  3550 | D:5      | Reached skill level 5 in Fighting
  3550 | D:5      | Reached skill level 6 in Unarmed Combat
  3816 | D:5      | Reached **** piety under Trog
  3970 | D:5      | Found a glowing golden altar of the Shining One.
  3970 | D:5      | Found a blossoming altar of Fedhas.
  4017 | D:5      | Reached skill level 7 in Unarmed Combat
  4114 | D:6      | Reached XP level 8. HP: 83/83 MP: 7/7
  4117 | D:6      | Found the +14 obsidian axe {vorpal, Mesm Drain Fly SInv}
  4296 | D:6      | Noticed a hornet
  4303 | D:6      | Paralysed by a hornet for 1 turns
  4305 | D:6      | Killed a hornet
  4316 | D:6      | Reached skill level 8 in Unarmed Combat
  4543 | D:6      | Found an ancient bone altar of Kikubaaqudgha.
  4567 | D:6      | Found a shimmering blue altar of Sif Muna.
  4816 | D:7      | Reached skill level 1 in Armour
  4853 | D:7      | HP: 4/84 [killer bee (5)]
  4853 | D:7      | Slain by a killer bee

Illustrated notes

Levels and vault maps discovered:
D:1:      onia_arrival_pyramid, layout_loops_ring, serial_shops, shop
D:2:      layout_loops_cross
D:3:      layout_basic, amcnicky_mini_corridor_feature, saegor_snake_ambush,
          uniq_robin
D:4:      layout_gridville, jmf_multi_god_temple2, serial_bayou_lagoon_b
D:5:      layout_rooms, gammafunk_temple_overflow_pools, enter_ossuary_5,
          grunt_ministairs_5, guppyfry_early_lair_pool
D:6:      layout_cave_pools, mainiacjoe_overflow_swirl,
          nicolae_elevator_lobby_plus
D:7:      layout_loops_ring, minmay_temple_entry_junction,
          kennysheep_generic_room_9, uniq_joseph

Skill      XL: |  1  2  3  4  5  6  7  8 |
---------------+-------------------------+-----
Fighting       | 3 4 5 6 |  6.9
Unarmed Combat | 4 5 7 8 |  8.3
Dodging        | 3 |  3.0
Armour         | 1 |  1.0

Action                   |  1- 3 |  4- 6 |  7- 9 || total
-------------------------+-------+-------+-------++-------
Melee: Unarmed           |    86 |   142 |   138 ||   366
       Punch             |     1 |     2 |     2 ||     5
Invok: Berserk           |       |       |     2 ||     2
 Stab: Sleeping          |       |     2 |       ||     2
Armor: Animal skin       |    23 |    41 |    39 ||   103
Dodge: Dodged            |    42 |    68 |    59 ||   169

Table legend: (Time is in decaauts)
 A = Elapsed time spent in this place.
 B = Non-inter-level travel time spent in this place.
 C = Inter-level travel time spent in this place.
 D = Time resting spent in this place.
 E = Time spent auto-exploring this place.
 F = Levels seen in this place.
 G = Mean time per level.
                   A        B        C        D        E       F      G
               +--------+--------+--------+--------+--------+-----+--------+
         Total |   4910 |   4407 |    503 |    247 |   3326 |   8 |  613.8 |
       Dungeon |   4755 |   4252 |    503 |    247 |   3243 |   7 |  679.3 |
       Ossuary |    154 |    154 |      0 |      0 |     83 |   1 |  154.0 |
               +--------+--------+--------+--------+--------+-----+--------+

Top non-repeatable levels by time:
     D:3: 1015 daAuts
     D:2: 805 daAuts
     D:1: 765 daAuts
     D:6: 752 daAuts
     D:5: 742 daAuts
     D:4: 607 daAuts
 Ossuary: 154 daAuts
     D:7: 65 daAuts
